 Dungeon Crawl Stone Soup version 0.31-a0-600-g62dffe198b (webtiles) character file.

Game seed: 16549098558436237072

11994 AdnanSaban the Basher (level 11, 0/68 HPs)
             Began as a Gargoyle Fighter on Aug 21, 2023.
             Was a High Priest of Okawaru.
             Slain by a wolf spider (1 damage)
             ... summoned by a boggart
             ... on level 15 of the Dungeon.
             The game lasted 00:20:07 (12073 turns).

AdnanSaban the Basher (Gargoyle Fighter)           Turns: 12073, Time: 00:20:07

Health: 0/68       AC: 26    Str: 25    XL:     11   Next: 86%
Magic:  16/16      EV: 17    Int:  8    God:    Okawaru [*****.]
Gold:   788        SH:  6    Dex: 12    Spells: 10/10 levels left

rFire   . . .        i - +2 club (spect)
rCold   . . .        c - +0 buckler
rNeg    + + .        q - +6 scale mail of Peek-a-Boo {Dex+3}
rPois   ∞            L - +0 helmet
rElec   +            F - +0 cloak
rCorr   .            (no gloves)
SInv    .            k - +0 pair of boots
Will    .....        w - amulet of regeneration
Stlth   +            M - ring of positive energy
HPRegen 1.11/turn    O - +5 ring of evasion
MPRegen 0.15/turn

%: no passive effects
@: no status effects
A: sickness immunity, AC +8, negative energy resistance 1, electricity
resistance, torment resistance 1, petrification resistance
a: Renounce Religion, Heroism, Finesse, Duel


You were on level 15 of the Dungeon.
You worshipped Okawaru.
Okawaru was extremely pleased with you.
You visited 2 branches of the dungeon, and saw 14 of its levels.
You also visited: Sewer.

You collected 788 gold pieces.

Inventory:

Hand Weapons
 a - a +0 flail
 i - a +2 spectral club (weapon)
Missiles
 p - 10 datura-tipped darts
 B - 11 boomerangs
 C - 26 poisoned darts (quivered)
 H - 5 atropa-tipped darts
 K - a throwing net
Armour
 c - a +0 buckler (worn)
 k - a +0 pair of boots (worn)
 q - the +6 scale mail of Peek-a-Boo (worn) {Dex+3}
   (You found it on level 4 of the Dungeon)

   Dex+3:     It affects your dexterity (+3).
 F - a +0 cloak (worn)
 L - a +0 helmet (worn)
Jewellery
 w - an amulet of regeneration (around neck)
 M - a ring of positive energy (left hand)
 O - a +5 ring of evasion (right hand)
 P - a ring of flight
Scrolls
 e - 5 scrolls of vulnerability {unknown}
 f - 6 scrolls of teleportation {unknown}
 h - 4 scrolls of revelation {unknown}
 m - 12 scrolls of identify {unknown}
 n - 2 scrolls of blinking
 t - 4 scrolls of amnesia {unknown}
 u - 2 scrolls of fear {unknown}
 v - 2 scrolls of immolation {unknown}
 y - 5 scrolls of enchant weapon {unknown}
 z - 2 scrolls of noise {unknown}
 D - a scroll of butterflies {unknown}
 E - 2 scrolls of fog {unknown}
 G - a scroll of enchant armour {unknown}
 I - a scroll of poison {unknown}
Potions
 b - 7 potions of curing {unknown}
 d - 2 potions of might
 g - 2 potions of berserk rage {unknown}
 j - 3 potions of degeneration {unknown}
 l - a potion of attraction {unknown}
 o - 2 potions of mutation {unknown}
 r - 2 potions of lignification {unknown}
 s - 3 potions of enlightenment {unknown}
 x - 2 potions of brilliance {unknown}
 A - 2 potions of heal wounds {unknown}
 J - a potion of haste {unknown}
 N - a potion of resistance {unknown}


   Skills:
 + Level 8.0 Fighting
 + Level 9.7 Maces & Flails
 + Level 0.3 Throwing
 + Level 9.3 Armour
 + Level 5.3 Dodging
 + Level 3.7 Stealth
 + Level 8.8 Shields
 * Level 7.0 Invocations


You had 10 spell levels left.
You didn't know any spells.
Your spell library contained the following spells:

 Spells                   Type           Power      Damage    Failure   Level
 Apportation              Tloc           0%         N/A       71%         1
 Necrotise                Necr           0%         1d4       71%         1
 Poisonous Vapours        Pois/Air       0%         N/A       83%         2
 Wereblood                Tmut           0%         N/A       83%         2
 Frozen Ramparts          Ice            0%         1d1       97%         3
 Mephitic Cloud           Conj/Pois/Air  0%         N/A       97%         3
 Ozocubu's Armour         Ice            0%         N/A       97%         3
 Portal Projectile        Hex/Tloc       0%         N/A       97%         3
 Anguish                  Hex/Necr       0%         N/A       100%        4
 Cause Fear               Hex            0%         N/A       100%        4
 Iskenderun's Mystic Bla  Conj/Tloc      0%         2d3       100%        4
 Petrify                  Tmut/Erth      0%         N/A       100%        4
 Freezing Cloud           Conj/Ice/Air   0%         6-21      100%        5
 Irradiate                Conj/Tmut      0%         3d11      100%        5
 Metabolic Englaciation   Hex/Ice        0%         N/A       100%        5
 Enfeeble                 Hex            0%         N/A       100%        7
 Ozocubu's Refrigeration  Ice            0%         4d7       100%        7
 Summon Small Mammal      Summ           Unusable   N/A       N/A         1
 Tukima's Dance           Hex            Unusable   N/A       N/A         3

Dungeon Overview and Level Annotations

Branches:
Dungeon (12/15)            Temple (1/1) D:5            Lair (0/5) D:10
    Orc (0/2) D:11          Sewer (visited)

Altars:
Ashenzari
Cheibriados
Dithmenos
Elyvilon
Fedhas
Gozag
Hepliaklqana
Kikubaaqudgha
Makhleb
Nemelex Xobeh
Okawaru
Qazlal
Ru
Sif Muna
Trog
Uskayaw
Vehumet
Wu Jian
Xom
Yredelemnul
Zin
The Shining One

Shops:
D:1 ?   D:5 (   D:10 :   D:11 [


Innate Abilities, Weirdness & Mutations

You are immune to sickness and miasma.
Your stone body is resilient. (AC +8)
You are immune to poison.
You resist negative energy. (rN+)
You are resistant to electric shocks. (rElec)
You are resistant to unholy torment.
You are immune to petrification.


Message History

Your +2 spectral club hits the slime creature.
The slime creature hits your +2 spectral club!
Your spectral weapon shares its damage with you!
You sock the slime creature!
The slime creature is almost dead.
Your +2 spectral club hits the slime creature.
You catch the helpless slime creature completely off-guard!
You hit the slime creature.
You kill the slime creature!
Okawaru accepts your kill.
Your +2 spectral club disappears.
Your Fighting skill increases to level 8!
No target in view!
No target in view!
You start resting.
HP restored.
A boggart and 2 slime creatures come into view.
The boggart shouts!
You hear a shout!
The boggart casts a spell.
The boggart casts a spell.
The wolf spider hits you. The wolf spider closely misses you.
The boggart casts a spell.
The wolf spider hits you! The wolf spider bites you.
The boggart mumbles some strange words.
You block the wolf spider's attack. x2
You hear a shout! x2
The wolf spider attacks as it pursues you!
You block the wolf spider's attack. The wolf spider bites you.
The fire dragon breathes flames at you. The blast of flame hits you!!!
Ouch! That really hurt!
* * * LOW HITPOINT WARNING * * *
You closely miss the boggart. The boggart closely misses you.
You block the wolf spider's attack. The wolf spider completely misses you.
You hit the boggart.
The boggart is lightly wounded.
The wolf spider hits you!
* * * LOW HITPOINT WARNING * * *
The wolf spider bites you.
You die...

...........#
...........#
..#######..#
#..# #..# #..#
. #..# .. #s.#
... #@D#
J...### ##g#
....... #o#
J....(.#####o#
............h#
#####..s.....#
#g..##'###
......#....
#.#.#..##.....


You could see a fire dragon (summoned, catching breath), an orc knight
(summoned), a wolf spider (summoned), a warg (summoned), an orc warrior
(summoned) and a boggart.

Vanquished Creatures
  A deep elf pyromancer (D:12)
  A cyclops (D:12)
  A gargoyle (D:12)
  2 unseen horrors (D:11)
  3 komodo dragons
  2 hornets
  2 slime creatures
  2 shadows
  A wraith (D:11)
  2 wyverns
  20 yaks
  Menkaure (D:5)
  5 vampire mosquitoes
  A basilisk (D:11)
  A steam dragon (D:8)
  An acid dragon (D:11)
  A water moccasin (D:8)
  5 orc warriors
  An ogre (D:6)
  2 black bears
  A centaur (D:7)
  A phantom (D:4)
  A kobold brigand (D:7)
  4 bullfrogs
  Blork the orc (D:6)
  2 scorpions
  3 wights (D:8)
  19 killer bees
  An electric eel (D:8)
  2 howler monkeys
  3 jellies
  15 orc priests
  3 gnoll boudas
  A sleepcap (D:6)
  4 hounds
  Jessica (D:2)
  6 iguanas
  Natasha (thrice) (D:3)
  8 orc wizards
  8 adders
  15 gnolls
  A river rat (D:5)
  A shadow imp (D:7)
  3 white imps
  2 worms
  5 dart slugs
  53 orcs
  5 bats
  6 endoplasms
  14 giant cockroaches
  7 goblins
  7 hobgoblins
  A jackal (D:1)
  16 kobolds
  8 quokkas
  13 ball pythons
  11 frilled lizards
  5 rats
315 creatures vanquished.

Vanquished Creatures (others)
  A wizard (D:5)
  An orc (D:9)
  6 spectral weapons
8 creatures vanquished.

Grand Total: 323 creatures vanquished

Notes
Turn   | Place    | Note
-------+----------+-------------------------------------------
     0 | D:1      | AdnanSaban the Gargoyle Fighter began the quest for the
                  | Orb.
     0 | D:1      | Reached XP level 1. HP: 14/14 MP: 1/1
   200 | D:1      | Reached XP level 2. HP: 19/19 MP: 2/2
   619 | D:1      | Reached XP level 3. HP: 23/23 MP: 3/3
   836 | D:1      | Found The Oracle's Delphic Readings.
  1256 | D:2      | Noticed Jessica
  1263 | D:2      | Killed Jessica
  1264 | D:2      | Reached skill level 1 in Dodging
  1264 | D:2      | Reached XP level 4. HP: 17/28 MP: 4/4
  1975 | D:3      | Reached XP level 5. HP: 28/33 MP: 5/5
  2036 | D:3      | Noticed Natasha
  2048 | D:3      | Killed Natasha
  2231 | D:3      | Reached skill level 5 in Armour
  2298 | D:3      | Found a sacrificial altar of Ru.
  2298 | D:3      | Noticed Natasha
  2389 | D:3      | Killed Natasha
  2390 | D:3      | Reached XP level 6. HP: 37/38 MP: 6/6
  2441 | D:3      | Noticed Natasha
  2449 | D:3      | Killed Natasha
  3246 | D:4      | Reached XP level 7. HP: 13/43 MP: 7/7
  3364 | D:4      | Identified the +6 scale mail of Peek-a-Boo {Dex+3}
  3723 | D:5      | Entered Level 5 of the Dungeon
  3733 | D:5      | Found a glowing drain.
  3757 | Sewer    | Entered a sewer
  4454 | D:5      | Found Orroiqih's Weapon Emporium.
  4488 | D:5      | Noticed Menkaure
  4493 | D:5      | Reached skill level 5 in Shields
  4503 | D:5      | Killed Menkaure
  4504 | D:5      | Reached skill level 5 in Maces & Flails
  4504 | D:5      | Reached XP level 8. HP: 16/48 MP: 8/8
  4642 | D:5      | Found a bloodstained altar of Trog.
  4644 | D:5      | Noticed a wizard
  4649 | D:5      | Killed a wizard
  4964 | D:5      | Found a staircase to the Ecumenical Temple.
  4980 | Temple   | Entered the Ecumenical Temple
  5002 | Temple   | Became a worshipper of Warmaster Okawaru
  5510 | D:6      | Noticed Blork the orc
  5523 | D:6      | Killed Blork the orc
  5524 | D:6      | Reached skill level 5 in Fighting
  5776 | D:6      | Reached skill level 1 in Stealth
  6158 | D:7      | Found a stormy altar of Qazlal.
  6230 | D:7      | Reached XP level 9. HP: 51/54 MP: 9/9
  6301 | D:7      | Reached * piety under Okawaru
  6302 | D:7      | Reached skill level 1 in Invocations
  6862 | D:8      | Noticed a hornet
  6897 | D:7      | Killed a hornet
  7121 | D:8      | Reached ** piety under Okawaru
  7530 | D:8      | Found a sparkling altar of Nemelex Xobeh.
  8070 | D:9      | Reached XP level 10. HP: 45/61 MP: 12/12
  8361 | D:9      | Reached *** piety under Okawaru
  8559 | D:9      | Reached skill level 5 in Invocations
  8840 | D:9      | Reached **** piety under Okawaru
  8891 | D:10     | Entered Level 10 of the Dungeon
  8993 | D:10     | Found Faninoxe's Vocational Training.
  9069 | D:10     | Found a staircase to the Lair.
  9081 | D:10     | Reached XP level 11. HP: 61/67 MP: 13/15
  9184 | D:10     | Found a hazy altar of Hepliaklqana.
  9304 | D:10     | Identified the +2 robe "Iqecvur" {Str+3 Int+3}
  9338 | D:10     | Found a broken altar of Ashenzari.
  9339 | D:10     | Found a blossoming altar of Fedhas.
  9513 | D:10     | Found a hide-covered altar of Uskayaw.
  9518 | D:10     | Found a shadowy altar of Dithmenos.
  9753 | D:11     | Found Feic's Antique Armour Boutique.
  9800 | D:11     | Found a staircase to the Orcish Mines.
 10012 | D:11     | Reached ***** piety under Okawaru
 10513 | D:11     | Found a hide-covered altar of Uskayaw.
 11078 | D:12     | Noticed a cyclops
 11301 | D:11     | Reached skill level 5 in Dodging
 11475 | D:12     | Killed a cyclops
 11585 | D:12     | Found a radiant altar of Vehumet.
 11730 | D:12     | Noticed a deep elf pyromancer
 11783 | D:12     | Killed a deep elf pyromancer
 11811 | D:12     | Received a gift from Okawaru
 11994 | D:12     | You fall into a shaft and drop 3 floors!
 11994 | D:15     | Entered Level 15 of the Dungeon
 12061 | D:15     | Noticed a wolf spider
 12070 | D:15     | Noticed a fire dragon
 12071 | D:15     | Noticed an orc knight
 12073 | D:15     | HP: 1/68 [wolf spider[a boggart] (8)]
 12073 | D:15     | Slain by a wolf spider

Illustrated notes

Levels and vault maps discovered:
D:1:      minmay_arrival_up_and_down, layout_basic, nicolae_nh_oracle_at_delphi
D:2:      minmay_chambers_of_twos, layout_loops_corners, kennysheep_minor_cross,
          uniq_jessica
D:3:      layout_rooms, nicolae_ru_the_path_less_chosen, uniq_natasha
D:4:      layout_basic
D:5:      layout_basic, trog_wizard, minmay_temple_entry_tees, serial_shops,
          nicolae_shop_tiny_waterfront, cheibrodos_sewer_entry_sluice,
          chequers_serial_rivers_micro_a, uniq_menkaure
D:6:      layout_basic, uniq_blork_the_orc
D:7:      minmay_general_purpose_star, layout_loops_cross,
          nicolae_qazlal_scattered_showers
D:8:      layout_basic, mainiacjoe_overflow_alcove_2, nicolae_water_bricks
D:9:      layout_loops_ring, amcnicky_mini_corridor_feature
D:10:     layout_rooms, mainiacjoe_overflow_big_doors, old_standard_altar,
          gammafunk_temple_overflow_pools, david_lair_shrubbed,
          nicolae_shop_vocational
D:11:     layout_roguey, minmay_orc_entry_temple_small, serial_shops, shop,
          serial_curves, eino_curves_04, eino_curves_04,
          nicolae_uskayaw_dance_hall
D:12:     layout_rooms, nicolae_vehumet_altar_sigil
D:15:     grunt_enter_depths_magical_seal, layout_irregular_city,
          hangedman_abyss_or_decor_slice, st_stairs_4, nzn_life_drinkers
Temple:   hellmonk_temple_forest_ring

Skill      XL: |  1  2  3  4  5  6  7  8  9 10 11 |
---------------+----------------------------------+-----
Armour         | 4 5 6 7 8 9 |  9.3
Dodging        | 1 2 3 4 5 |  5.3
Maces & Flails | 3 5 6 7 9 |  9.7
Shields        | 4 5 6 7 8 |  8.8
Fighting       | 4 5 6 7 8 |  8.0
Stealth        | 2 3 |  3.7
Invocations    | 3 5 7 |  7.0
Throwing       | |  0.3

Action                     |  1- 3 |  4- 6 |  7- 9 | 10-12 || total
---------------------------+-------+-------+-------+-------++-------
  Melee: Flail             |   130 |     1 |       |       ||   131
         Club              |       |   178 |   570 |   936 ||  1684
  Throw: Dart              |       |       |       |     6 ||     6
 Invoke: Heroism           |       |       |       |     1 ||     1
   Stab: Distracted        |       |       |     3 |    13 ||    16
 Armour: Scale mail        |    81 |    82 |   281 |   594 ||  1038
         Chain mail        |       |    18 |     4 |       ||    22
  Dodge: Dodged            |    80 |    65 |   273 |   448 ||   866
  Block: Buckler           |    34 |    40 |   140 |   251 ||   465

Table legend: (Time is in decaauts)
 A = Elapsed time spent in this place.
 B = Non-inter-level travel time spent in this place.
 C = Inter-level travel time spent in this place.
 D = Time resting spent in this place.
 E = Time spent auto-exploring this place.
 F = Levels seen in this place.
 G = Mean time per level.
                   A        B        C        D        E       F      G
               +--------+--------+--------+--------+--------+-----+--------+
         Total |  12195 |  11491 |    704 |    120 |   7841 |  15 |  813.0 |
       Dungeon |  11392 |  10729 |    663 |    120 |   7423 |  13 |  876.3 |
        Temple |     43 |      2 |     41 |      0 |      0 |   1 |   43.0 |
         Sewer |    759 |    759 |      0 |      0 |    418 |   1 |  759.0 |
               +--------+--------+--------+--------+--------+-----+--------+

Top non-repeatable levels by time:
    D:11: 1682 daAuts
     D:2: 1151 daAuts
     D:9: 1030 daAuts
     D:8: 1010 daAuts
     D:5: 973 daAuts
     D:1: 930 daAuts
     D:7: 902 daAuts
     D:4: 888 daAuts
    D:10: 862 daAuts
     D:3: 843 daAuts
   Sewer: 759 daAuts
     D:6: 610 daAuts
    D:12: 429 daAuts
    D:15: 77 daAuts
  Temple: 43 daAuts
